 Dungeon Crawl Stone Soup version 0.27.1-33-g824d729ab1 (webtiles) character file.

Game seed: 10560620074474924766

4 potato4science the Sneak (level 1, 0/10 HPs)
             Began as a Kobold Enchanter on Dec 24, 2021.
             Slain by a kobold (4 damage)
             ... on level 1 of the Dungeon.
             The game lasted 00:00:37 (186 turns).

potato4science the Sneak (Kobold Enchanter)          Turns: 186, Time: 00:00:39

Health: 0/10       AC:  2    Str:  5    XL:     1   Next: 77%
Magic:  2/3        EV: 15    Int: 16    God:
Gold:   14         SH:  0    Dex: 15    Spells: 3/4 levels left

rFire    . . .     SeeInvis .   a - +1 dagger
rCold    . . .     Faith    .   (shield restricted)
rNeg     . . .     Spirit   .   b - +0 robe
rPois    .         Reflect  .   (no helmet)
rElec    .         Harm     .   (no cloak)
rCorr    .         Rampage  .   (no gloves)
Will     .....                  (no boots)
Stlth    ++++......             (no amulet)
HPRegen  0.03/turn              (no ring)
MPRegen  0.08/turn              (no ring)

@: no status effects
A: small, no large weapons, nightstalker 3
a: no special abilities


You were on level 1 of the Dungeon.
You visited 1 branch of the dungeon, and saw 1 of its levels.

You collected 14 gold pieces.

Inventory:

Hand Weapons
 a - a +1 dagger (weapon)
Armour
 b - a +0 robe (worn)
Scrolls
 d - a scroll of noise {unknown}
 e - a scroll of torment {unknown}
 f - a scroll of blinking {unknown}
Potions
 c - a potion of degeneration {unknown}


   Skills:
 - Level 1.3 Short Blades
 - Level 2.4 Dodging
 + Level 4.5 Stealth
 - Level 2.1 Spellcasting
 - Level 3.0 Hexes


You had 3 spell levels left.
You knew the following spells:

 Your Spells              Type           Power      Damage    Failure   Level
a - Corona                Hex            12%        N/A       6%          1

Your spell library contained the following spells:

 Spells                   Type           Power      Damage    Failure   Level
 Ensorcelled Hibernation  Hex/Ice        12%        N/A       17%         2
 Confusing Touch          Hex            11%        N/A       19%         3
 Tukima's Dance           Hex            11%        N/A       19%         3
 Dazzling Flash           Conj/Hex       12%        N/A       32%         3


Dungeon Overview and Level Annotations

Branches:
Dungeon (1/15)

Altars:


Innate Abilities, Weirdness & Mutations

You are small and have problems with some larger weapons.
You are completely attuned to the shadows.


Message History

A bat comes into view.
The helpless bat fails to defend itself.
You impale the bat!!
You kill the bat!
f - a scroll labelled HOTICO FOGROLU You open the door.
There is an open door here.
As you open the door, it creaks loudly!
A bat comes into view.
The bat misses you.
You hit the bat.
The bat is severely wounded.
The bat barely misses you.
You hit the bat but do no damage.
The bat is severely wounded.
The bat hits you but does no damage.
A kobold comes into view. It is wielding a +0 short sword.
You hit the bat but do no damage.
The bat is severely wounded.
The bat completely misses you. The bat hits you but does no damage.
You hit the bat but do no damage.
The bat is severely wounded.
The bat hits you but does no damage. The bat hits you but does no damage.
The kobold hits you with a +0 short sword.
Ouch! That really hurt!
The bat hits you but does no damage.
You closely miss the bat.
The bat is heavily wounded.
The bat misses you. The kobold barely misses you. The bat closely misses you.
The bat hits you. The bat barely misses you.
Aiming: Corona (safe; 6% risk of failure)
Press: ? - help, Q - select action Shift-Dir - straight line, f - bat
Aim: a bat (moderately wounded, chance to affect: 64%)
The bat is outlined in light.
The bat barely misses you.
The kobold hits you with a +0 short sword.
You die...

.........#.
#..
#####.....##
#..
..........
...
###.....#
.#+ #.....#
#. #.....#
#.#. #.....#
#.#. #.....#
#.#.
#..@..###
#.#.
#..Kb.'.+
#...
#.....###
#.#. #.....+
#.#.
#.....###..
#.#.
#......†...
#.#.
#......####
#. ##'#'#.#
#. #.#.#.#
#.


You could see a bat (corona) and a kobold.

Vanquished Creatures
  A bat (D:1)
  An endoplasm (D:1)
  A hobgoblin (D:1)
  A ball python (D:1)
4 creatures vanquished.

Notes
Turn   | Place    | Note
-------+----------+-------------------------------------------
     0 | D:1      | potato4science the Kobold Enchanter began the quest for the
                  | Orb.
     0 | D:1      | Reached XP level 1. HP: 10/10 MP: 3/3
   186 | D:1      | Slain by a kobold

Illustrated notes

Levels and vault maps discovered:
D:1:      dpeg_arrival_rooms_b, layout_basic, basic_ecumenical_altar,
          serial_shops, shop, minmay_pentomino_p2

Action                   || total
-------------------------++-------
Melee: Dagger            ||     9
 Cast: Corona            ||     1
 Stab: Sleeping          ||     4
Armor: Robe              ||     5
Dodge: Dodged            ||     8
